| TOP OF THE 1ST |
|
Hillsboro Hops batting - Pitching for Eugene Emeralds : RHP Angel Pesina
|
|
Pitching: RHP Angel Pesina
|
|
|
Batting: SHB Blaine Peters
|
0-0: Ball 1-0: Ball 2-0: Called Strike 2-1: Ball 3-1: Foul Ball, location: 2F 3-2: Base on Balls
|
|
Batting: LHB Soo-yeon Kym
|
0-0: Ball 1-0: Ball 2-0: Ground out 6-3 (Groundball, 6S, EV 68.8 MPH) Blaine Peters to second
|
|
Batting: RHB Wen-hua Lei
|
0-0: Called Strike 0-1: SINGLE (Groundball, 56D, EV 98.8 MPH) Blaine Peters to third Runner from 3rd tries for Home, SAFE, throw by LF to home
|
|
Batting: LHB Dillon Rizzuto
|
0-0: Swinging Strike 0-1: Called Strike 0-2: Foul Ball, location: 2F 0-2: Ball 1-2: Ball 2-2: Ball 3-2: Base on Balls Wen-hua Lei to second
|
|
Batting: RHB Ian Sousa
|
0-0: Ball 1-0: Ball 2-0: Ball 3-0: Base on Balls Wen-hua Lei to third Dillon Rizzuto to second
|
|
Batting: RHB Josh Burrows
|
0-0: Called Strike 0-1: Grounds into double play, 6-4-3 (Groundball, 6, EV 99.4 MPH)
|
| Top of the 1st over - 1 run, 1 hit, 0 errors, 2 left on base; Hillsboro 1 - Eugene 0 |
| BOTTOM OF THE 1ST |
|
Eugene Emeralds batting - Pitching for Hillsboro Hops : RHP John Gloe
|
|
Pitching: RHP John Gloe
|
|
|
Batting: RHB Du Kim
|
0-0: Called Strike 0-1: Ball 1-1: Foul Ball, location: 2F 1-2: Strikes out swinging
|
|
Batting: RHB Hugo Torrez
|
0-0: Called Strike 0-1: Called Strike 0-2: Ball 1-2: Ball 2-2: Hit by Pitch
|
|
Batting: RHB Taylor Garofalo
|
0-0: Called Strike Hugo Torrez steals 2nd base 0-1: Called Strike 0-2: Ball 1-2: Strikes out looking
|
|
Batting: RHB Ryan Bush
|
0-0: Ball 1-0: Fly out, F7 (Flyball, 7LS, EV 90.6 MPH)
|
| Bottom of the 1st over - 0 runs, 0 hits, 0 errors, 1 left on base; Hillsboro 1 - Eugene 0 |
| TOP OF THE 2ND |
|
Hillsboro Hops batting - Pitching for Eugene Emeralds : RHP Angel Pesina
|
|
Batting: LHB Ivan Cortez
|
0-0: Called Strike 0-1: Foul Ball, location: 2F 0-2: Strikes out swinging
|
|
Batting: RHB Jeremy Adams
|
0-0: Foul Ball, location: 2F 0-1: Ball 1-1: SINGLE (Line Drive, 3D, EV 103.8 MPH)
|
|
Batting: RHB Trevor Corey
|
0-0: Swinging Strike 0-1: Ball 1-1: Foul Ball, location: 2F 1-2: Ball 2-2: Strikes out looking
|
|
Batting: SHB Blaine Peters
|
0-0: Ball Wild Pitch! Jeremy Adams to second 1-0: Ground out U3 (Groundball, 34, EV 89.4 MPH)
|
| Top of the 2nd over - 0 runs, 1 hit, 0 errors, 1 left on base; Hillsboro 1 - Eugene 0 |
| BOTTOM OF THE 2ND |
|
Eugene Emeralds batting - Pitching for Hillsboro Hops : RHP John Gloe
|
|
Batting: RHB Tim Long
|
0-0: Foul Ball, location: 2F 0-1: Ball 1-1: Swinging Strike 1-2: Ball 2-2: Strikes out swinging, 2-3 out at first.
|
|
Batting: RHB Jerry Blas
|
0-0: Ground out 6-3 (Groundball, 56D, EV 84.4 MPH)
|
|
Batting: RHB Josh Asch
|
0-0: Fly out, F8 (Flyball, 89M, EV 81.9 MPH)
|
| Bottom of the 2nd over - 0 runs, 0 hits, 0 errors, 0 left on base; Hillsboro 1 - Eugene 0 |
| TOP OF THE 3RD |
|
Hillsboro Hops batting - Pitching for Eugene Emeralds : RHP Angel Pesina
|
|
Batting: LHB Soo-yeon Kym
|
0-0: Swinging Strike 0-1: Ground out U3 (Groundball, 3, EV 84.4 MPH)
|
|
Batting: RHB Wen-hua Lei
|
0-0: Ball 1-0: Ball 2-0: Swinging Strike 2-1: Ball 3-1: Base on Balls
|
|
Batting: LHB Dillon Rizzuto
|
0-0: Ball Wen-hua Lei steals 2nd base 1-0: Called Strike Wen-hua Lei steals 3rd, throwing error, E2 Wen-hua Lei scores 1-1: Foul Ball, location: 2F 1-2: Ball 2-2: SOLO HOME RUN (Flyball, 89XD, EV 111.9 MPH), Distance : 453 ft
|
|
Batting: RHB Ian Sousa
|
0-0: Ball 1-0: Ball 2-0: Ball 3-0: Base on Balls
|
|
Batting: RHB Josh Burrows
|
0-0: Ball Ian Sousa is caught stealing 2nd base 2-4 1-0: Ball 2-0: Called Strike 2-1: Foul Ball, location: 2F 2-2: Ball 3-2: Foul Ball, location: 2F 3-2: Base on Balls
|
|
Batting: LHB Ivan Cortez
|
0-0: Foul Ball, location: 2F 0-1: Called Strike 0-2: Ball 1-2: Ball 2-2: Fly out, F9 (Flyball, 9, EV 87.5 MPH)
|
| Top of the 3rd over - 2 runs, 1 hit, 1 error, 1 left on base; Hillsboro 3 - Eugene 0 |
| BOTTOM OF THE 3RD |
|
Eugene Emeralds batting - Pitching for Hillsboro Hops : RHP John Gloe
|
|
Batting: RHB Alvaro Romero
|
0-0: Ground out U3 (Groundball, 34S, EV 84.4 MPH)
|
|
Batting: RHB Jonathan Ridgely
|
0-0: Ball 1-0: Called Strike 1-1: Ball 2-1: Ball 3-1: Fly out, F8 (Flyball, 89M, EV 75.6 MPH)
|
|
Batting: RHB Du Kim
|
0-0: Swinging Strike 0-1: Foul Ball, location: 2F 0-2: Ball 1-2: Ball 2-2: Ball 3-2: Ground out 5-3 (Groundball, 56, EV 103.1 MPH)
|
| Bottom of the 3rd over - 0 runs, 0 hits, 0 errors, 0 left on base; Hillsboro 3 - Eugene 0 |
| TOP OF THE 4TH |
|
Hillsboro Hops batting - Pitching for Eugene Emeralds : RHP Angel Pesina
|
|
Batting: RHB Jeremy Adams
|
0-0: Foul Ball, location: 2F 0-1: SINGLE (Line Drive, 9LS, EV 108.1 MPH)
|
|
Batting: RHB Trevor Corey
|
0-0: Ball 1-0: Called Strike 1-1: Grounds into double play, 5-4-3 (Groundball, 5S, EV 84.4 MPH)
|
|
Batting: SHB Blaine Peters
|
0-0: Called Strike 0-1: Swinging Strike 0-2: SINGLE (Groundball, 4S, EV 69.4 MPH) (infield hit)
|
|
Batting: LHB Soo-yeon Kym
|
0-0: Ball Blaine Peters steals 2nd base 1-0: Called Strike 1-1: Foul Ball, location: 2F 1-2: Ball 2-2: Ball 3-2: Fly out, F8 (Flyball, 78M, EV 85.6 MPH)
|
| Top of the 4th over - 0 runs, 2 hits, 0 errors, 1 left on base; Hillsboro 3 - Eugene 0 |
| BOTTOM OF THE 4TH |
|
Eugene Emeralds batting - Pitching for Hillsboro Hops : RHP John Gloe
|
|
Batting: RHB Hugo Torrez
|
0-0: Ball 1-0: Ball 2-0: Ball 3-0: SINGLE (Groundball, 4MD, EV 96.9 MPH)
|
|
Batting: RHB Taylor Garofalo
|
0-0: Swinging Strike 0-1: SINGLE (Line Drive, 8RS, EV 107.5 MPH) Hugo Torrez to second
|
|
Batting: RHB Ryan Bush
|
0-0: Called Strike 0-1: Fielders Choice at 2nd, 6-4 (Groundball, 6M, EV 78.1 MPH) Hugo Torrez to third
|
|
Batting: RHB Tim Long
|
0-0: Called Strike 0-1: Ball 1-1: Ball 2-1: Ball 3-1: Ground out 4-3 (Groundball, 6, EV 98.8 MPH) Ryan Bush to second
|
|
Batting: RHB Jerry Blas
|
0-0: Ball 1-0: Ground out 4-3 (Groundball, 4MS, EV 87.5 MPH)
|
| Bottom of the 4th over - 0 runs, 2 hits, 0 errors, 2 left on base; Hillsboro 3 - Eugene 0 |
| TOP OF THE 5TH |
|
Hillsboro Hops batting - Pitching for Eugene Emeralds : RHP Angel Pesina
|
|
Batting: RHB Wen-hua Lei
|
0-0: SOLO HOME RUN (Line Drive, 7D, EV 98.1 MPH), Distance : 370 ft
|
|
Batting: LHB Dillon Rizzuto
|
0-0: Ball 1-0: Ball 2-0: Called Strike 2-1: Foul Ball, location: 2F 2-2: Ball 3-2: Foul Ball, location: 2F 3-2: Foul Ball, location: 2F 3-2: Ground out 6-3 (Groundball, 6M, EV 85.6 MPH)
|
|
Batting: RHB Ian Sousa
|
0-0: Ball 1-0: Ball 2-0: Ball 3-0: Base on Balls
|
|
Batting: RHB Josh Burrows
|
0-0: Ball 1-0: Ball Ian Sousa steals 2nd base 2-0: Foul Ball, location: 2F 2-1: DOUBLE (Line Drive, 5D, EV 106.2 MPH) Ian Sousa scores
|
|
Batting: LHB Ivan Cortez
|
0-0: Called Strike 0-1: Ball 1-1: Foul Ball, location: 2F 1-2: SINGLE (Groundball, 34D, EV 106.2 MPH) Josh Burrows to third
|
|
Batting: RHB Jeremy Adams
|
0-0: Called Strike Ivan Cortez steals 2nd base 0-1: Called Strike 0-2: Foul Ball, location: 2F 0-2: Foul Ball, location: 2F 0-2: Ball 1-2: DOUBLE (Flyball, 89XD, EV 102.5 MPH) Josh Burrows scores Ivan Cortez scores
|
|
Pitching: RHP Dwight Bean
|
|
|
Batting: RHB Trevor Corey
|
0-0: Called Strike 0-1: Ball 1-1: Swinging Strike 1-2: Strikes out looking
|
|
Batting: SHB Blaine Peters
|
0-0: Ground out 1-3 (Groundball, 25, EV 61.2 MPH)
|
| Top of the 5th over - 4 runs, 4 hits, 0 errors, 1 left on base; Hillsboro 7 - Eugene 0 |
| BOTTOM OF THE 5TH |
|
Eugene Emeralds batting - Pitching for Hillsboro Hops : RHP John Gloe
|
|
Batting: RHB Josh Asch
|
0-0: Ball 1-0: Called Strike 1-1: Fly out, F7 (Line Drive, 7, EV 90.0 MPH)
|
|
Batting: RHB Alvaro Romero
|
0-0: Called Strike 0-1: Ball 1-1: Foul Ball, location: 2F 1-2: Ball 2-2: SINGLE (Groundball, 4MD, EV 102.5 MPH) (infield hit)
|
|
Batting: RHB Jonathan Ridgely
|
0-0: Ball Wild Pitch! Alvaro Romero to second 1-0: Ball 2-0: Called Strike 2-1: Foul Ball, location: 2F 2-2: Ground out U3 (Groundball, 3, EV 110.0 MPH) Alvaro Romero to third
|
|
Batting: RHB Du Kim
|
0-0: Called Strike 0-1: Ball 1-1: Called Strike 1-2: Ball 2-2: Ball 3-2: Foul Ball, location: 2F 3-2: TRIPLE (Line Drive, 89XD, EV 108.1 MPH) Alvaro Romero scores
|
|
Batting: RHB Hugo Torrez
|
0-0: Swinging Strike 0-1: Ball 1-1: Ball 2-1: Reached on error, E6 (Groundball, 6, EV 78.8 MPH) Du Kim scores
|
|
Batting: RHB Taylor Garofalo
|
0-0: Ball 1-0: Ball Hugo Torrez steals 2nd base 2-0: Called Strike 2-1: Ground out 5-3 (Groundball, 5L, EV 106.9 MPH)
|
| Bottom of the 5th over - 2 runs, 2 hits, 1 error, 1 left on base; Hillsboro 7 - Eugene 2 |
| TOP OF THE 6TH |
|
Hillsboro Hops batting - Pitching for Eugene Emeralds : RHP Dwight Bean
|
|
Batting: LHB Soo-yeon Kym
|
0-0: Called Strike 0-1: Ball 1-1: Ball 2-1: Swinging Strike 2-2: Fly out, F6 (Popup, 6MS, EV 66.2 MPH)
|
|
Batting: RHB Wen-hua Lei
|
0-0: Ball 1-0: Called Strike 1-1: Foul Ball, location: 2F 1-2: Strikes out looking
|
|
Batting: LHB Dillon Rizzuto
|
0-0: Called Strike 0-1: Swinging Strike 0-2: Ball 1-2: Strikes out swinging
|
| Top of the 6th over - 0 runs, 0 hits, 0 errors, 0 left on base; Hillsboro 7 - Eugene 2 |
| BOTTOM OF THE 6TH |
|
Eugene Emeralds batting - Pitching for Hillsboro Hops : RHP John Gloe
|
|
Batting: RHB Ryan Bush
|
0-0: Ball 1-0: Foul Ball, location: 2F 1-1: Fly out, F4 (Popup, 4, EV 74.4 MPH)
|
|
Batting: RHB Tim Long
|
0-0: Ground out 6-3 (Groundball, 6S, EV 83.1 MPH)
|
|
Batting: RHB Jerry Blas
|
0-0: Ball 1-0: Called Strike 1-1: Foul Ball, location: 2F 1-2: Foul Ball, location: 2F 1-2: Ball 2-2: Ground out 6-3 (Groundball, 6M, EV 79.4 MPH)
|
| Bottom of the 6th over - 0 runs, 0 hits, 0 errors, 0 left on base; Hillsboro 7 - Eugene 2 |
| TOP OF THE 7TH |
|
Hillsboro Hops batting - Pitching for Eugene Emeralds : RHP Dwight Bean
|
|
Pitching: RHP Dustin Buckner
|
|
|
Batting: RHB Ian Sousa
|
0-0: Ball 1-0: Ball 2-0: Ball 3-0: Called Strike 3-1: Base on Balls
|
|
Batting: RHB Josh Burrows
|
0-0: Ball 1-0: Fly out, F4 (Popup, 3D, EV 70.6 MPH)
|
|
Batting: LHB Ivan Cortez
|
0-0: Ball Ian Sousa steals 2nd, throwing error, E2 Ian Sousa to third 1-0: Swinging Strike 1-1: Ball 2-1: Called Strike 2-2: Strikes out swinging
|
|
Batting: RHB Jeremy Adams
|
0-0: Called Strike 0-1: Foul Ball, location: 2F 0-2: Ball 1-2: DOUBLE (Line Drive, 78D, EV 100.6 MPH) Ian Sousa scores
|
|
Batting: RHB Trevor Corey
|
0-0: Ball 1-0: Swinging Strike 1-1: Called Strike 1-2: Strikes out swinging
|
| Top of the 7th over - 1 run, 1 hit, 1 error, 1 left on base; Hillsboro 8 - Eugene 2 |
| BOTTOM OF THE 7TH |
|
Eugene Emeralds batting - Pitching for Hillsboro Hops : RHP John Gloe
|
|
Batting: RHB Josh Asch
|
0-0: Called Strike 0-1: Ball 1-1: Called Strike 1-2: Fly out, F7 (Flyball, 7, EV 85.0 MPH)
|
|
Pitching: RHP Jake Priest
|
|
|
Batting: RHB Alvaro Romero
|
0-0: Foul Ball, location: 2F 0-1: Foul Ball, location: 2F 0-2: Ball 1-2: Ball 2-2: Ball 3-2: SINGLE (Groundball, 34, EV 102.5 MPH) (infield hit)
|
|
Batting: RHB Jonathan Ridgely
|
0-0: Ball 1-0: Foul Ball, location: 2F 1-1: Grounds into double play, 6-4-3 (Groundball, 6MS, EV 95.0 MPH)
|
| Bottom of the 7th over - 0 runs, 1 hit, 0 errors, 0 left on base; Hillsboro 8 - Eugene 2 |
| TOP OF THE 8TH |
|
Hillsboro Hops batting - Pitching for Eugene Emeralds : RHP Dustin Buckner
|
|
Pitching: RHP Carlos Zavala
|
|
|
Batting: SHB Blaine Peters
|
0-0: Called Strike 0-1: Ground out 4-3 (Groundball, 13, EV 84.4 MPH)
|
|
Batting: LHB Soo-yeon Kym
|
0-0: Ball 1-0: Swinging Strike 1-1: Ball 2-1: Foul Ball, location: 2F 2-2: Ball 3-2: Foul Ball, location: 2F 3-2: Base on Balls
|
|
Batting: RHB Wen-hua Lei
|
0-0: Ball 1-0: Foul Ball, location: 2F 1-1: Foul Ball, location: 2F 1-2: 2-RUN HOME RUN (Flyball, 89XD, EV 105.0 MPH), Distance : 391 ft
|
|
Batting: LHB Dillon Rizzuto
|
0-0: Foul Ball, location: 2F 0-1: Ball 1-1: Foul Ball, location: 2F 1-2: Ball 2-2: Ball 3-2: Base on Balls
|
|
Pitching: LHP Eddie Panagos
|
|
|
Batting: RHB Ian Sousa
|
0-0: Foul Ball, location: 2F 0-1: Called Strike 0-2: Hit by Pitch Dillon Rizzuto to second
|
|
Batting: RHB Josh Burrows
|
0-0: Foul Ball, location: 2F 0-1: Ball 1-1: DOUBLE (Line Drive, 7LD, EV 103.1 MPH) Dillon Rizzuto scores Ian Sousa to third Runner from 3rd tries for Home, SAFE, throw by LF to trailing runner, SAFE at third!
|
|
Batting: LHB Ivan Cortez
|
0-0: Ball 1-0: Ball 2-0: Foul Ball, location: 2F 2-1: Ball 3-1: Base on Balls
|
|
Batting: RHB Jeremy Adams
|
0-0: Ball 1-0: Swinging Strike 1-1: Ball 2-1: Ball 3-1: Base on Balls Ivan Cortez to second
|
|
Batting: RHB Trevor Corey
|
0-0: Called Strike 0-1: Foul Ball, location: 2F 0-2: Ball 1-2: Strikes out swinging
|
|
Pitching: RHP Roy Battist
|
|
|
Batting: SHB Blaine Peters
|
0-0: Called Strike 0-1: Ball 1-1: Fly out, F1 (Popup, P, EV 70.0 MPH)
|
| Top of the 8th over - 4 runs, 2 hits, 0 errors, 3 left on base; Hillsboro 12 - Eugene 2 |
| BOTTOM OF THE 8TH |
|
Eugene Emeralds batting - Pitching for Hillsboro Hops : RHP Jake Priest
|
|
Batting: RHB Du Kim
|
0-0: Called Strike 0-1: Ground out 6-3 (Groundball, 6, EV 110.6 MPH)
|
|
Batting: RHB Hugo Torrez
|
0-0: Foul Ball, location: 2F 0-1: Ball 1-1: Foul Ball, location: 2F 1-2: Foul Ball, location: 2F 1-2: Strikes out swinging
|
|
Batting: RHB Taylor Garofalo
|
0-0: Ball 1-0: Ball 2-0: Fly out, F7 (Flyball, 7, EV 91.9 MPH)
|
| Bottom of the 8th over - 0 runs, 0 hits, 0 errors, 0 left on base; Hillsboro 12 - Eugene 2 |
| TOP OF THE 9TH |
|
Hillsboro Hops batting - Pitching for Eugene Emeralds : RHP Roy Battist
|
|
Batting: LHB Soo-yeon Kym
|
0-0: Ball 1-0: Foul Ball, location: 2F 1-1: Ball 2-1: Fly out, F8 (Flyball, 8RXD, EV 101.2 MPH)
|
|
Batting: RHB Wen-hua Lei
|
0-0: Ball 1-0: Called Strike 1-1: Ball 2-1: Foul Ball, location: 2F 2-2: Ball 3-2: Foul Ball, location: 2F 3-2: Fly out, F7 (Flyball, 7S, EV 78.1 MPH)
|
|
Batting: LHB Dillon Rizzuto
|
0-0: Ball 1-0: Called Strike 1-1: Ball 2-1: Foul Ball, location: 2F 2-2: Foul Ball, location: 2RF, Error on foul ball, E2 2-2: Ground out 5-3 (Groundball, 56, EV 90.6 MPH)
|
| Top of the 9th over - 0 runs, 0 hits, 1 error, 0 left on base; Hillsboro 12 - Eugene 2 |
| BOTTOM OF THE 9TH |
|
Eugene Emeralds batting - Pitching for Hillsboro Hops : RHP Jake Priest
|
|
Batting: RHB Ryan Bush
|
0-0: Called Strike 0-1: Ground out 6-3 (Groundball, 6, EV 91.9 MPH)
|
|
Batting: RHB Tim Long
|
0-0: Called Strike 0-1: Ball 1-1: Called Strike 1-2: Ball 2-2: Fly out, F5 (Popup, 5F, EV 66.2 MPH)
|
|
Batting: RHB Jerry Blas
|
0-0: Ball 1-0: Ball 2-0: Foul Ball, location: 2F 2-1: Foul Ball, location: 2F 2-2: Strikes out looking
|
| Bottom of the 9th over - 0 runs, 0 hits, 0 errors, 0 left on base; Hillsboro 12 - Eugene 2 |
|